[Event "*** Titled Tuesday Blitz"]
[Site "Chess.com"]
[Date "2020.05.12"]
[Round "8"]
[White "Shukh_Nikolay"]
[Black "LikeWater"]
[Result "1-0"]
[WhiteElo "2540"]
[BlackElo "2676"]
[TimeControl "180+1"]
[EndTime "11:32:51 PDT"]
[Termination "Shukh_Nikolay won by resignation"]

1. d4 Nf6 2. c4 e5 3. dxe5 Ne4 4. Nd2 Bb4 5. a3 Nxd2 6. Bxd2 Bxd2+ 7. Qxd2 Nc6 8. Nf3 O-O 9. e3 Qe7 10. Be2 Nxe5 11.
O-O a5 12. b4 Ra6 13. c5 Rh6 14. Nxe5 Qxe5 15. f4 Qe7 16. Bf3 d6 17. Rac1 axb4 18. axb4 c6 19. e4 Qh4 20. g3 Qe7 21. Rfd1 dxc5 22.
bxc5 Bh3 23. Qe3 Re6 24. Rd2 Re8 25. Rcd1 Bf5 26. Rd7 Qf8 27. e5 g5 28. Rxb7 gxf4 29. gxf4 Qh6 30. Kh1 Rxe5 31. Rg1+ Bg6 32. Qd4 Rf5 33.
Qd7 Rf8 34. Qxf5 1-0

[Event "*** Titled Tuesday Blitz"]
[Site "Chess.com"]
[Date "2020.05.12"]
[Round "8"]
[White "Baronessa08"]
[Black "MiroVlasenko"]
[Result "1/2-1/2"]
[WhiteElo "2475"]
[BlackElo "2608"]
[TimeControl "180+1"]
[EndTime "11:32:51 PDT"]
[Termination "Game drawn by agreement"]

1. c4 Nc6 2. g3 e5 3. Bg2 f5 4.
Nc3 Nf6 5. d3 g6 6. e4 Bg7 7.
Nge2 d6 8. O-O O-O 9. exf5 Bxf5 10. Be3 Qd7 11. d4 Ng4 12. Qd2 Nxe3 13. fxe3 Bh6 14. d5 Ne7 15. Kh1 Kg7 16. Ng1 Ng8 17. Qe1 Qe7 18.
e4 Bd7 19. Bh3 Nf6 20. Bxd7 Qxd7 21. Qe2 Ng4 22. h3 Nf6 23. Kg2 Rf7 24. Rf2 Raf8 25. Raf1 a6 26. a4 Qd8 27. Nf3 Nh5 28. Ne1 Rxf2+ 29.
Rxf2 Rxf2+ 30. Qxf2 Qg5 31. Nd3 b6 32. b4 Nf6 33. c5 bxc5 34. bxc5 Qd2 35. Qxd2 Bxd2 36. Nb1 Ba5 37. Kf3 Nd7 38. c6 Nb6 39. Na3 Kf7 40. Nb2 Bb4 41. Nac4 Nc8 42. Nd3 Bc3 43. Ke3 Ke7 44. Kf3 Bd4 45. Kg4 h6 46. Kf3 h5 47.
g4 Kf6 48. gxh5 gxh5 49. Kg3 Kg5 50. Kg2 1/2-1/2

[Event "*** Titled Tuesday Blitz"]
[Site "Chess.com"]
[Date "2020.05.12"]
[Round "8"]
[White "Denis_Palkovich"]
[Black "Natalya_Buksa"]
[Result "0-1"]
[WhiteElo "2305"]
[BlackElo "2526"]
[TimeControl "180+1"]
[EndTime "11:32:51 PDT"]
[Termination "Natalya_Buksa won on time"]

1. d4 d5 2. Bf4 Nf6 3. e3 e6 4.
Nd2 Bd6 5. Bd3 c5 6. c3 Qc7 7. Bxd6 Qxd6 8. f4 cxd4 9. cxd4 Nc6 10. Rc1 Nb4 11. Bb1 Bd7 12. a3 Nc6 13. Ngf3 O-O 14.
O-O Ne7 15. Bd3 a6 16. Qe2 Qb6 17. b4 Bb5 18. Bxb5 Qxb5 19. Qxb5 axb5 20. Rc3 Ne4 21.
Nxe4 dxe4 22. Ne5 Nd5 23. Rb3 Rfc8 24. f5 Rc3 25. Rxc3 Nxc3 26. fxe6 fxe6 27. Rf7 Rxa3 28. Rxb7 h5 29. h4 Nd1 30. Rxb5 Nxe3 31. Ng6 Ng4 32. Kf1 e3 33. Nf4 Ra2 0-1

[Event "*** Titled Tuesday Blitz"]
[Site "Chess.com"]
[Date "2020.05.12"]
[Round "8"]
[White "mamey78"]
[Black "rpragchess"]
[Result "0-1"]
[WhiteElo "2375"]
[BlackElo "2870"]
[TimeControl "180+1"]
[EndTime "11:32:52 PDT"]
[Termination "rpragchess won by resignation"]

1. e4 c5 2. Nf3 e6 3. c3 Nf6 4. e5 Nd5 5. d4 cxd4 6. cxd4 d6 7.
Bc4 dxe5 8. dxe5 Be7 9. O-O O-O 10. Qe2 Bd7 11. Qe4 Bc6 12. Qg4 g6 13. Bh6 Re8 14. h4 Nd7 15. Nbd2 Qc7 16. Rfe1 b5 17. Bb3 Nc5 18. Rac1 Nd3 19. Bxd5 exd5 20. e6 Nxe1 21. Rxc6 Nxf3+ 22. Nxf3 Qxc6 23. exf7+ Kh8 24. fxe8=Q+ Rxe8 25. Be3 Bf6 26. h5 Qe6 27. Qf4 Qf5 28. Qd6 d4 29. Nxd4 Qb1+ 30. Kh2 Be5+ 31. Qxe5+ Rxe5 32. Nf3 Rxh5+ 0-1

[Event "*** Titled Tuesday Blitz"]
[Site "Chess.com"]
[Date "2020.05.12"]
[Round "8"]
[White "gui_borba"]
[Black "arminmusovic"]
[Result "1-0"]
[WhiteElo "2347"]
[BlackElo "2524"]
[TimeControl "180+1"]
[EndTime "11:32:52 PDT"]
[Termination "gui_borba won by resignation"]

1. d4 d5 2. Bf4 c5 3. e3 Nc6 4. c3 a6 5. Nf3 f6 6. Nbd2 Bg4 7.
Bd3 e6 8. Be2 Bd6 9. O-O Bxf4 10. exf4 Nge7 11. Re1 cxd4 12. Nxd4 Bxe2 13. Qxe2 e5 14.
fxe5 fxe5 15. Nxc6 Nxc6 16. Qh5+ g6 17. Qh6 Qf6 18.
c4 dxc4 19. Nxc4 O-O-O 20. Rad1 Nd4 21. Qe3 Rhe8 22. h3 Kb8 23. Nxe5 Rxe5 24. Qxe5+ Qxe5 25. Rxe5 Nf3+ 26. gxf3 Rxd1+ 27. Kg2 Rd2 28. Re7 Rxb2 29. Rxh7 Rxa2 30. Rg7 a5 31. Rxg6 a4 32. h4 Ka7 33.
h5 Rc2 34. h6 Rc8 35. f4 a3 36. Rg3 b5 37. Rxa3+ Kb6 38. Kf1 b4 39. Rh3 Kc5 40. Ke2 Kd4 41. h7 Rh8 42. Kd2 b3 43. Kc1 Ke4 44. Rh4 Kd3 45. Kb2 Kc4 46. f5+ Kd5 47.
Kxb3 Ke5 48. Rh5 Kf6 49. Kc4 Kg7 50. Kd4 Rd8+ 51. Ke5 Re8+ 52. Kf4 Rh8 53. Kg5 Kf7 54. f6 Kf8 55. Kg6 Ke8 56. Ra5 Kd7 57. Kg7 Rxh7+ 1-0

[Event "*** Titled Tuesday Blitz"]
[Site "Chess.com"]
[Date "2020.05.12"]
[Round "8"]
[White "politeplayer"]
[Black "GM-2023"]
[Result "1-0"]
[WhiteElo "2191"]
[BlackElo "2080"]
[TimeControl "180+1"]
[EndTime "11:32:52 PDT"]
[Termination "politeplayer won on time"]

1. e4 e5 2. Nc3 Nf6 3. Bc4 Nc6 4. d3 Bc5 5. f4 O-O 6. Nf3 d6 7. f5 a6 8. Bg5 Na5 9. Nd5 Nxc4 10. dxc4 c6 11. Nxf6+ gxf6 12. Bh6 Re8 13. Nh4 Kh8 14. Qh5 Qc7 15. O-O-O b5 16. Rd3 Rg8 17. Rg3 Bb7 18. Rf1 d5 19. Rff3 dxe4 20. Rxg8+ Rxg8 21. Rh3 Qd8 22. a3 e3 23. Kb1 e2 24. Qxe2 bxc4 25.
Qxc4 Bd4 26. Qxf7 Qe8 27. Ng6+ 1-0

[Event "*** Titled Tuesday Blitz"]
[Site "Chess.com"]
[Date "2020.05.12"]
[Round "8"]
[White "CHENNAIBOND"]
[Black "PawnEatingZombie"]
[Result "0-1"]
[WhiteElo "1258"]
[BlackElo "2166"]
[TimeControl "180+1"]
[EndTime "11:32:52 PDT"]
[Termination "PawnEatingZombie won by resignation"]

1. e4 c6 2. d4 d5 3. e5 Bf5 4. Nf3 e6 5. Be2 Nd7 6. O-O h6 7. Be3 Ne7 8. c3 Bh7 9. Ne1 Nf5 10. Bd2 Be7 11. f4 O-O 12. g4 Nh4 13. Ng2 Nxg2 14.
Kxg2 f5 15. exf6 Nxf6 16. Bf3 Ne4 17. Be1 Rxf4 18. Bg3 Nxg3 19. hxg3 Rf8 20. Qe2 Qd7 21. Re1 Rf6 22. Nd2 Raf8 23. g5 hxg5 24. Bg4 Bf5 25.
Bxf5 Rxf5 26. Qxe6+ Qxe6 27. Rxe6 Rf2+ 28. Kh3 Rxd2 29.
Rxe7 Rf7 30. Rxf7 Kxf7 31. Rb1 Kg6 32. Kg4 a5 33. a4 b5 34. b4 axb4 35. Rxb4 bxa4 36.
Rxa4 Rc2 37. Ra3 Kf6 38. Kf3 Kf5 39. Ke3 g4 40. Kd3 Rg2 41. Ra6 Rxg3+ 42. Kc2 Ke4 43. Rxc6 Rg2+ 44. Kb3 g3 45. Re6+ Kf3 46. Rg6 Rd2 47.
Rxg7 g2 48. Rf7+ Ke2 49. Re7+ Kf1 50. Rf7+ Rf2 0-1

[Event "*** Titled Tuesday Blitz"]
[Site "Chess.com"]
[Date "2020.05.12"]
[Round "8"]
[White "viditchess"]
[Black "Anuar_Is"]
[Result "1/2-1/2"]
[WhiteElo "2963"]
[BlackElo "2818"]
[TimeControl "180+1"]
[EndTime "11:32:53 PDT"]
[Termination "Game drawn by repetition"]

1. d4 Nf6 2. c4 g6 3. Nc3 Bg7 4. g3 O-O 5. Bg2 c5 6. dxc5 Qa5 7. Qa4 Qxc5 8. Be3 Qh5 9. h3 Nc6 10. Nf3 d6 11. c5 Nd5 12. Nxd5 Qxd5 13. Rd1 Qe6 14.
cxd6 exd6 15. Rd2 Ne5 16. Nxe5 Bxe5 17. Bh6 Re8 18. O-O Bd7 19. Qb3 Bc6 20. Qxe6 Rxe6 21. Rfd1 Rae8 22. e3 Bf6 23. Bxc6 bxc6 24. Rxd6 Bxb2 25.
Rxe6 fxe6 26. Rd7 Rc8 27. Rxa7 c5 28. Rb7 Bf6 29. Rb1 c4 30. Rc1 c3 31. Kf1 Rb8 32. e4 Rb2 33. a4 g5 34. h4 gxh4 35. gxh4 Bxh4 36. Be3 Bf6 37. a5 Ra2 38. f4 c2 39. Ke2 Kf7 40. Kd3 Ra3+ 41. Ke2 Ra2 42. Kd3 Ra3+ 43. Ke2 Ra2 1/2-1/2

[Event "*** Titled Tuesday Blitz"]
[Site "Chess.com"]
[Date "2020.05.12"]
[Round "8"]
[White "etesungam"]
[Black "XDPS"]
[Result "1-0"]
[WhiteElo "2471"]
[BlackElo "2679"]
[TimeControl "180+1"]
[EndTime "11:32:53 PDT"]
[Termination "etesungam won on time"]

1. d4 d5 2. c4 e6 3. Nc3 Nf6 4. Nf3 c6 5. Bg5 Nbd7 6. e3 Qa5 7. Nd2 dxc4 8. Bxf6 Nxf6 9. Bxc4 Be7 10. O-O O-O 11. a3 e5 12. b4 Qc7 13. d5 cxd5 14. Nxd5 Nxd5 15. Bxd5 a5 16. Qb3 axb4 17. axb4 Rxa1 18. Rxa1 g6 19. h3 Kg7 20. Nc4 Bf6 21. e4 h5 22. Rd1 h4 23. b5 Qc5 24. b6 Rd8 25. Qe3 Rxd5 26. Rxd5 Qxc4 27. Rc5 Qe6 28. Qc3 Bd7 29. Rc7 Bb5 30. Rxb7 Bg5 31. Qb4 Bc6 32. Ra7 Qc8 33. Qc5 1-0

[Event "*** Titled Tuesday Blitz"]
[Site "Chess.com"]
[Date "2020.05.12"]
[Round "8"]
[White "Riazantsev"]
[Black "serhanberat_ozdemir"]
[Result "0-1"]
[WhiteElo "2641"]
[BlackElo "2526"]
[TimeControl "180+1"]
[EndTime "11:32:53 PDT"]
[Termination "serhanberat_ozdemir won by resignation"]

1. e4 c5 2. b3 e6 3. Bb2 b6 4. Nc3 Bb7 5. f4 d5 6. Bb5+ Nc6 7. Nf3 Be7 8. Ne5 Qd6 9. exd5 exd5 10. d4 Nf6 11.
dxc5 bxc5 12. O-O O-O 13. Bxc6 Bxc6 14. Nxc6 Qxc6 15. Qd3 d4 16. Ne2 Nd5 17. Ng3 Ne3 18. Rf3 Rad8 19. Nh5 g6 20. Ng3 f5 21. Re1 Bf6 22. Nf1 Nxf1 23. Rfxf1 Qd5 24. Bc1 Rfe8 25. Bd2 Re4 26. g3 Rde8 27. a4 h5 28. h4 Kh7 29.
Qa6 Bg7 30. Qxa7 Re2 31. Rxe2 Rxe2 32. Rf2 Qe4 33. Rxe2 Qxe2 34. Qa5 d3 35. Bc3 dxc2 0-1

[Event "*** Titled Tuesday Blitz"]
[Site "Chess.com"]
[Date "2020.05.12"]
[Round "8"]
[White "IMinTheWings"]
[Black "Andrii_Prydun"]
[Result "0-1"]
[WhiteElo "2222"]
[BlackElo "2432"]
[TimeControl "180+1"]
[EndTime "11:32:53 PDT"]
[Termination "Andrii_Prydun won on time"]

1. Nf3 Nf6 2. e3 d6 3. b3 Bg4 4. Bb2 Nbd7 5. Be2 e6 6. d4 Be7 7.
Nbd2 O-O 8. O-O Re8 9. e4 c6 10. h3 Bh5 11. c4 e5 12. g4 Bg6 13. Bd3 exd4 14. Bxd4 Ne5 15. Bc2 Qc7 16. Nh2 h6 17. f4 Ned7 18. Nhf3 d5 19. e5 Ne4 20. f5 Nxd2 21. Qxd2 Bh7 22. Rac1 c5 23. cxd5 cxd4 24.
f6 d3 25. Bxd3 Bc5+ 26. Kg2 Bxd3 27. fxg7 Bxf1+ 28. Rxf1 Qb6 29. e6 Rxe6 30. dxe6 Qxe6 31. Re1 Qc6 32. g5 hxg5 33. Qxg5 Qg6 34. Qxg6 fxg6 35. Rd1 Nf6 36. Rc1 b6 37. Rc4 Kxg7 38. b4 Bd6 39. Nd4 Re8 40. Rc6 Be5 41. Nf3 Bf4 42. Rc4 Re2+ 43. Kf1 Re4 44. Rc7+ Bxc7 0-1

[Event "*** Titled Tuesday Blitz"]
[Site "Chess.com"]
[Date "2020.05.12"]
[Round "8"]
[White "Keks2017"]
[Black "fridaywins"]
[Result "1-0"]
[WhiteElo "2454"]
[BlackElo "2248"]
[TimeControl "180+1"]
[EndTime "11:32:54 PDT"]
[Termination "Keks2017 won by resignation"]

1. e4 e5 2. Nf3 Nc6 3. Bb5 a6 4. Ba4 Nf6 5. O-O Be7 6. Re1 b5 7. Bb3 d6 8. c3 O-O 9. h3 Na5 10.
Bc2 c5 11. d4 Nd7 12. Nbd2 cxd4 13. cxd4 Nc6 14. d5 Nb4 15. Bb1 a5 16. Nf1 a4 17. Ng3 Nc5 18. Be3 Nba6 19. Bc2 Rb8 20. Rc1 Bd7 21. Bb1 b4 22. Qd2 g6 23. Bh6 Re8 24. Nh2 Bf8 25. Bg5 f6 26. Be3 Bg7 27. Ng4 Rf8 28. Nh6+ Kh8 29. h4 Be8 30. h5 g5 31.
Nhf5 h6 32. Red1 Rf7 33. Bd3 Rc7 34. Bxa6 Nxa6 35. Rxc7 Qxc7 36. Rc1 Qd8 37. Qc2 Bf8 38. Qd1 Bb5 39. Nf1 Rc8 40. Nd2 Rxc1 41. Qxc1 Qc7 42. Qxc7 Nxc7 43. Bb6 Ne8 44. f3 Kg8 45. Kf2 Kf7 46. g4 Bd3 47. Ke3 Bc2 48. Ba5 b3 49.
a3 Bd1 50. Nc4 Kg8 51. Nb6 Bc2 52. Nxa4 1-0

[Event "*** Titled Tuesday Blitz"]
[Site "Chess.com"]
[Date "2020.05.12"]
[Round "8"]
[White "RitvarsReimanis"]
[Black "Nara_Kh"]
[Result "1-0"]
[WhiteElo "2480"]
[BlackElo "2312"]
[TimeControl "180+1"]
[EndTime "11:32:54 PDT"]
[Termination "RitvarsReimanis won by resignation"]

1. d4 d6 2. Nf3 g6 3. c4 Bg7 4. Nc3 Nf6 5. e4 O-O 6. Be2 e5 7. O-O Nc6 8. d5 Ne7 9. Kh1 Nd7 10. g4 Kh8 11. Rg1 a5 12. g5 Nc5 13. Ne1 f5 14. gxf6 Bxf6 15. Nd3 Ng8 16. Nxc5 dxc5 17.
Bg4 Bh4 18. f3 Nf6 19. Bxc8 Qxc8 20. Bh6 Rf7 21. Qf1 Nh5 22. Ne2 Qd7 23. Qg2 g5 24.
Qg4 Qxg4 25. fxg4 Nf4 26. Ng3 Bxg3 27. hxg3 Nh3 28. Rgf1 Kg8 29. Kg2 Ra6 30. Rxf7 Kxf7 31. Rf1+ Kg8 32. Bf8 Nf4+ 33. gxf4 exf4 34. Bxc5 b6 35. Ba3 Kf7 36. e5 b5 37. e6+ Ke8 38.
b3 b4 39. Bb2 a4 40. Ra1 a3 41. Bf6 h6 42. Rh1 1-0

[Event "*** Titled Tuesday Blitz"]
[Site "Chess.com"]
[Date "2020.05.12"]
[Round "8"]
[White "BigAl"]
[Black "Kirill_Klukin"]
[Result "0-1"]
[WhiteElo "2472"]
[BlackElo "2691"]
[TimeControl "180+1"]
[EndTime "11:32:55 PDT"]
[Termination "Kirill_Klukin won by resignation"]

1. e4 c5 2. Nc3 Nc6 3. g3 g6 4. Bg2 Bg7 5. d3 e6 6. Be3 b6 7. f4 Nge7 8. Nf3 d5 9. Bf2 Bb7 10. O-O a6 11. exd5 exd5 12. Nh4 O-O 13. f5 Nd4 14.
fxg6 fxg6 15. Ne2 Nxe2+ 16. Qxe2 Qd7 17. Rfe1 Rae8 18. Qe6+ Qxe6 19. Rxe6 Rf6 20. Rae1 Kf7 21. Nf3 h6 22. Rxf6+ Bxf6 23. Ne5+ Bxe5 24. Rxe5 Nf5 25. Rxe8 Kxe8 26. c3 Ke7 27. g4 Ng7 28. Bg3 h5 29. h3 hxg4 30. hxg4 Ne6 31. Kf2 b5 32. Be5 Bc6 33. Kg3 Nd8 34. d4 Nf7 35. Bb8 cxd4 36.
cxd4 Ke6 37. Bf1 g5 38. Bd3 Nd6 39. Bxd6 Kxd6 40. Bf5 a5 41. Kf3 b4 42. Ke3 Bb5 43. a3 bxa3 44. bxa3 Kc6 45. Kd2 Bc4 46. Kc3 Kb5 47.
Bd7+ Kb6 48. Be8 Be2 49. Bd7 Kc7 50. Bf5 Kc6 51. Kb3 Bd1+ 52. Kc3 Kd6 53. Kd2 Ba4 54. Kc3 Bb5 55. Kd2 Bf1 56. Kc3 Bg2 57. Kb3 Kc6 58.
Ka4 Kb6 59. Be6 Be4 60. Kb3 Kc6 61. Ka4 Kb6 62. Kb3 Bf3 63. Kc3 Kb5 64. Kb3 Bd1+ 65.
Kb2 Kc4 66. Kc1 Bf3 67. Kb2 Kxd4 68. Kb3 Bd1+ 69. Kb2 Ke5 70. Bf5 Kf4 71. Kc3 Bxg4 72. Be6 Bf3 73. Kd4 g4 0-1

[Event "*** Titled Tuesday Blitz"]
[Site "Chess.com"]
[Date "2020.05.12"]
[Round "8"]
[White "amiralfio"]
[Black "LazovT"]
[Result "0-1"]
[WhiteElo "2468"]
[BlackElo "2678"]
[TimeControl "180+1"]
[EndTime "11:32:55 PDT"]
[Termination "LazovT won on time"]

1. d4 Nf6 2. Bf4 g6 3. Nc3 d5 4. e3 Bg7 5. h4 h6 6. Nf3 c6 7. Ne5 Qb6 8. Rb1 Nbd7 9. Qd2 Nxe5 10. Bxe5 a5 11. h5 g5 12. Na4 Qd8 13. f3 O-O 14. g4 Re8 15. Bd3 Nd7 16. Bxg7 Kxg7 17. O-O e5 18.
dxe5 Nxe5 19. Kg2 b5 20. Nc5 Qe7 21. Nb3 Nxd3 22. Qxd3 Qxe3 23. Qxe3 Rxe3 24. Rfe1 Rxe1 25. Rxe1 Kf6 26. Nc5 Be6 27. c3 Ke7 28. a3 Kd6 29.
Nb7+ Ke7 30. Kg3 Ra7 31. Nc5 Kd6 32. b4 axb4 33. axb4 Ra3 34. Re3 d4 35. Rd3 Rxc3 36.
Rxd4+ Ke5 37. Re4+ Kd5 38. Na6 Rc4 39. Re3 Kd4 40.
Re4+ Kc3 41. Re3+ Kd2 42. Ra3 Bd5 43. Ra2+ Ke3 44. Ra3+ Kd4 45. Ra2 Rc3 46. Rd2+ Ke5 47.
Rf2 f5 48. gxf5 Kxf5 49. Nc5 g4 50. Nb7 gxf3 51. Kh4 Rc4+ 52. Kg3 Kg5 53. Nd6 Rxb4 54. Rc2 Kxh5 55. Nf5 Kg5 56. Ne3 h5 57. Rh2 h4+ 58. Kh3 Be6+ 0-1

[Event "*** Titled Tuesday Blitz"]
[Site "Chess.com"]
[Date "2020.05.12"]
[Round "8"]
[White "Escanor89"]
[Black "14Sokol88"]
[Result "1-0"]
[WhiteElo "2563"]
[BlackElo "2379"]
[TimeControl "180+1"]
[EndTime "11:32:55 PDT"]
[Termination "Escanor89 won by resignation"]

1. c4 g6 2. Nc3 Bg7 3. d4 d6 4. e4 Nf6 5. Nf3 O-O 6. Be2 c5 7.
O-O cxd4 8. Nxd4 Nc6 9. Be3 Bd7 10. Qd2 Nxd4 11. Bxd4 Bc6 12. f3 a5 13. Rab1 a4 14.
Rfc1 Nd7 15. Be3 Nc5 16. Rc2 f5 17. exf5 gxf5 18. b4 axb3 19. axb3 Rf6 20. b4 Na4 21. Nd5 Rf7 22. Nf4 Bd7 23. Rd1 b6 24. c5 bxc5 25. bxc5 e5 26. Nh5 f4 27. Bf2 Be8 28. Bc4 Bf8 29.
cxd6 Kh8 30. Bxf7 Bxf7 31. g4 Bxh5 32. gxh5 Qg5+ 33. Kh1 Qxh5 34. Qd5 Rd8 35. Rg1 Bxd6 36. Rd2 Be7 37. Qxd8+ Bxd8 38. Rxd8+ 1-0

[Event "*** Titled Tuesday Blitz"]
[Site "Chess.com"]
[Date "2020.05.12"]
[Round "8"]
[White "GianmarcoVaR"]
[Black "MariaFominykh"]
[Result "1-0"]
[WhiteElo "2535"]
[BlackElo "2324"]
[TimeControl "180+1"]
[EndTime "11:32:55 PDT"]
[Termination "GianmarcoVaR won on time"]

1. c4 Nf6 2. Nc3 g6 3. g3 Bg7 4. Bg2 O-O 5. d3 d6 6. Nf3 e5 7.
O-O Nc6 8. Rb1 Bd7 9. b4 a6 10.
a4 Rb8 11. Bd2 Qc8 12. b5 axb5 13. axb5 Ne7 14. c5 Bh3 15. b6 Bxg2 16. Kxg2 dxc5 17. Nxe5 Nfd5 18. Nxd5 Nxd5 19. Nc4 cxb6 20. e4 Nc3 21. Bxc3 Bxc3 22. Rxb6 Qd7 23. Qc2 Bd4 24. Rfb1 f5 25. f4 fxe4 26. dxe4 Qf7 27. Nd6 Qe6 28. Nf5 Qd7 29.
Qc4+ Kh8 30. Nd6 Rf6 31. e5 Re6 32. Qd5 Rd8 33. Rxb7 1-0

[Event "*** Titled Tuesday Blitz"]
[Site "Chess.com"]
[Date "2020.05.12"]
[Round "8"]
[White "Mbneu"]
[Black "Ranindu2003"]
[Result "0-1"]
[WhiteElo "2258"]
[BlackElo "2431"]
[TimeControl "180+1"]
[EndTime "11:32:55 PDT"]
[Termination "Ranindu2003 won by resignation"]

1. d4 Nf6 2. c4 e6 3. Nc3 c5 4. d5 exd5 5. cxd5 d6 6. e4 g6 7. f4 a6 8. a4 Bg7 9. Nf3 O-O 10. Be2 Re8 11. e5 dxe5 12. fxe5 Ng4 13. e6 fxe6 14. d6 Nc6 15. Ng5 Nge5 16. O-O h6 17. Nge4 Nf7 18. Kh1 Nd4 19. Bf4 e5 20. Bg3 Nxd6 21. Bg4 Bf5 22. Nxc5 Rc8 23. Bxf5 N6xf5 24. N5e4 Ne3 25. Qd3 Nxf1 26.
Rxf1 Nf5 27. Qb1 Rf8 28. Qa2+ Kh7 29. Bf2 Qd3 30. Rd1 Qc4 31. b3 Qc7 32. Qb2 Nd4 33.
Nd5 Qf7 34. Be3 Qxd5 0-1

[Event "*** Titled Tuesday Blitz"]
[Site "Chess.com"]
[Date "2020.05.12"]
[Round "8"]
[White "Evgeny81"]
[Black "AryanTari"]
[Result "1-0"]
[WhiteElo "2730"]
[BlackElo "2905"]
[TimeControl "180+1"]
[EndTime "11:32:56 PDT"]
[Termination "Evgeny81 won on time"]

1. d4 d5 2. c4 e6 3. Nf3 Nf6 4.
Nc3 Be7 5. Bf4 O-O 6. e3 Nbd7 7. cxd5 Nxd5 8. Nxd5 exd5 9. Bd3 c5 10. O-O a6 11.
Ne5 Nxe5 12. Bxe5 c4 13. Bc2 Re8 14. a4 Be6 15. a5 Bd6 16. f4 Rc8 17. f5 Bxe5 18. fxe6 Rxe6 19. dxe5 Rxe5 20. Qd4 Qg5 21. Rf3 g6 22. Raf1 Rc7 23. h4 Qh5 24. g4 Qxh4 25. Qxe5 Re7 26. Qf4 h6 27. Kg2 h5 28.
Rh1 Qxg4+ 29. Qxg4 hxg4 30. Rg3 f5 31. Rd1 Re5 32. b3 Kf7 33. Rd4 Kf6 34. bxc4 dxc4 35.
Rxc4 Rxa5 36. e4 b5 37. Rc5 Ra2 38. Kf1 b4 39. exf5 1-0

[Event "*** Titled Tuesday Blitz"]
[Site "Chess.com"]
[Date "2020.05.12"]
[Round "8"]
[White "lupta_robin"]
[Black "marianokar"]
[Result "0-1"]
[WhiteElo "2576"]
[BlackElo "2413"]
[TimeControl "180+1"]
[EndTime "11:32:56 PDT"]
[Termination "marianokar won by resignation"]

1. e4 e6 2. d4 d5 3. Nc3 Bb4 4. e5 c5 5. a3 Bxc3+ 6. bxc3 Qa5 7. Bd2 Qa4 8. Qg4 Kf8 9. Qd1 Ne7 10. Nf3 c4 11. g3 h6 12. h4 Nd7 13. Bg2 Nb6 14.
O-O Bd7 15. h5 Qa5 16. Ne1 Na4 17. f4 Ke8 18. Qb1 Nxc3 19. Qxb7 Bc6 20. Qb4 Qxb4 21. axb4 Ne2+ 22. Kf2 Nxd4 23. Be3 Nef5 24. Bd2 Nb5 25. g4 Ne7 26. c3 Kd7 27. Nf3 Kc7 28. Ke3 Kb7 29. Nd4 a6 30. f5 Nxd4 31. cxd4 exf5 32. gxf5 f6 33. b5 axb5 34. Bb4 Rxa1 35. Bxe7 Rxf1 36. Bxf1 Re8 37. Bd6 b4 38. e6 b3 39. Ba3 Ra8 40. Bc1 Ra2 41. e7 b2 0-1

[Event "*** Titled Tuesday Blitz"]
[Site "Chess.com"]
[Date "2020.05.12"]
[Round "8"]
[White "adriangschnitzer"]
[Black "archess2"]
[Result "1-0"]
[WhiteElo "2490"]
[BlackElo "2314"]
[TimeControl "180+1"]
[EndTime "11:32:56 PDT"]
[Termination "adriangschnitzer won by checkmate"]

1. d4 d5 2. c4 c6 3. Nf3 Nf6 4. Qc2 e6 5. g3 Nbd7 6. Bg2 dxc4 7.
Qxc4 Nb6 8. Qd3 Be7 9. O-O O-O 10. e4 h6 11. Nc3 Bb4 12. a3 Bxc3 13. bxc3 c5 14. e5 Nfd5 15. dxc5 Nd7 16. Be3 Qc7 17. Nd4 Nxc5 18. Qc4 Nb6 19. Qb5 a6 20. Qb1 Nc4 21. Re1 Nxe3 22. Rxe3 Bd7 23. f4 Rab8 24. Qc2 Bc6 25.
Nxc6 bxc6 26. Rd1 Rfd8 27. Ree1 Rxd1 28. Rxd1 Rd8 29. Rxd8+ Qxd8 30. Bxc6 Qb6 31. Bf3 Nd3+ 32. Kf1 Nc5 33. Kg2 Qa5 34. Qb2 Qc7 35. Qb4 a5 36.
Qc4 Qb6 37. a4 g6 38. Qb5 Qc7 39. Qc6 Qxc6 40. Bxc6 Kf8 41. Kf3 Ke7 42. Ke3 Kd8 43. Kd4 Nb3+ 44. Kc4 Nd2+ 45. Kb5 Nf1 46. Kxa5 Kc7 47.
Be8 Nxh2 48. Bxf7 Nf1 49. g4 Ne3 50. Bxe6 h5 51. gxh5 gxh5 52. f5 Ng4 53. f6 Nxe5 54. f7 Ng6 55. Kb5 Nf8 56. Bf5 h4 57. a5 Kb7 58. a6+ Kc7 59. c4 Kb8 60. Kb6 h3 61. a7+ Ka8 62. Be4# 1-0

[Event "*** Titled Tuesday Blitz"]
[Site "Chess.com"]
[Date "2020.05.12"]
[Round "8"]
[White "AliKa2810"]
[Black "ZarinaShafigullina"]
[Result "1-0"]
[WhiteElo "2541"]
[BlackElo "2336"]
[TimeControl "180+1"]
[EndTime "11:32:57 PDT"]
[Termination "AliKa2810 won by resignation"]

1. d4 Nf6 2. c4 e6 3. Nf3 b6 4. a3 Bb7 5. Nc3 d5 6. cxd5 exd5 7. g3 Nbd7 8. Bg2 Be7 9. O-O O-O 10. Bg5 Re8 11. Ne5 h6 12. Bf4 g5 13.
Nxd7 Qxd7 14. Be5 Ng4 15. h3 Nxe5 16. dxe5 c6 17. Qd2 Qe6 18. f4 Rad8 19. Rad1 Ba8 20. e3 f6 21. exf6 Bxf6 22. Rde1 g4 23. Kh2 h5 24. Qf2 c5 25. e4 Bxc3 26. bxc3 dxe4 27. f5 Qf6 28. Qf4 gxh3 29. Bxh3 Rd3 30. Bg2 Rxc3 31. Bxe4 Bxe4 32. Rxe4 Rxe4 33. Qxe4 Qd4 34. Qe8+ Kh7 35. Qg6+ Kh8 36. f6 Qd2+ 37. Kh3 Qd7+ 38. Rf5 h4 39.
Qh5+ Qh7 40. Qxh7+ Kxh7 41. f7 Rxg3+ 42. Kxh4 Rxa3 43.
f8=Q Kg6 1-0

[Event "*** Titled Tuesday Blitz"]
[Site "Chess.com"]
[Date "2020.05.12"]
[Round "8"]
[White "Kate1606"]
[Black "Batsai"]
[Result "0-1"]
[WhiteElo "2070"]
[BlackElo "2270"]
[TimeControl "180+1"]
[EndTime "11:32:57 PDT"]
[Termination "Batsai won by resignation"]

1. e4 c6 2. d4 d5 3. Nc3 dxe4 4.
Nxe4 Nf6 5. Nxf6+ gxf6 6. Nf3 h5 7. h3 h4 8. Be3 Bf5 9. Qd2 e6 10.
O-O-O Nd7 11. Bd3 Bxd3 12. Qxd3 Qa5 13. Kb1 O-O-O 14. Qe2 Bd6 15. Nd2 Qd5 16. Rhg1 Rhg8 17. c4 Qf5+ 18. Ka1 Bh2 19. Rh1 Rxg2 20. d5 exd5 21. Bxa7 Be5 22. cxd5 Qc2 23. Rb1 Kc7 24. dxc6 Ra8 25. cxd7 Rxa7 26. Qc4+ Qxc4 27. Nxc4 Kxd7 28. Rhd1+ Ke6 29. Nxe5 fxe5 30. Rf1 Rh2 31. f4 e4 32. Rbe1 f5 33. Re3 Ra6 34. a3 Rd6 35. Rg1 Rd3 36.
Rxd3 exd3 37. Rd1 Rxh3 38. Kb1 Re3 39. Kc1 Kd5 40. Kd2 Kd4 41. Rh1 h3 42. Rh2 Re2+ 43.
Rxe2 dxe2 44. Kxe2 h2 45. Kf2 h1=Q 0-1

[Event "*** Titled Tuesday Blitz"]
[Site "Chess.com"]
[Date "2020.05.12"]
[Round "8"]
[White "pooh2012"]
[Black "Kapibara_Warri0r"]
[Result "1-0"]
[WhiteElo "2449"]
[BlackElo "2054"]
[TimeControl "180+1"]
[EndTime "11:32:57 PDT"]
[Termination "pooh2012 won by checkmate"]

1. e4 e5 2. Nf3 Nc6 3. Bc4 Nf6 4.
d3 Be7 5. O-O O-O 6. c3 d5 7.
exd5 Nxd5 8. Re1 Nb6 9. Bb3 Bg4 10. h3 Bh5 11. Bc2 f5 12. a4 a5 13. Nbd2 Bd6 14. Bb3+ Kh8 15. Qc2 Qf6 16. Nh2 Rae8 17. Nc4 Nxc4 18.
Bxc4 e4 19. dxe4 fxe4 20. Be3 Ne5 21. Bf1 Nf3+ 22. Nxf3 exf3 23. g3 Qe6 24. Kh2 Bg6 25.
Qd2 Bf5 26. Bf4 Qf6 27. Bxd6 cxd6 28. Qf4 Rxe1 29. Rxe1 h6 30. Qxf3 Qg6 31. Qe3 Bc2 32.
f4 Bxa4 33. Bd3 Qf6 34. Qe4 Bc6 35. Qh7# 1-0

[Event "*** Titled Tuesday Blitz"]
[Site "Chess.com"]
[Date "2020.05.12"]
[Round "8"]
[White "larisakalinina"]
[Black "baby_leo"]
[Result "1-0"]
[WhiteElo "2002"]
[BlackElo "2054"]
[TimeControl "180+1"]
[EndTime "11:32:57 PDT"]
[Termination "larisakalinina won by resignation"]

1. e4 c6 2. d4 d5 3. Nc3 dxe4 4. Nxe4 Nf6 5. Nxf6+ exf6 6. Nf3 Bd6 7. Bd3 Qc7 8. O-O h5 9. Re1+ Be6 10. c4 O-O 11. Be3 Bg4 12. h3 Be6 13. Rc1 Qd7 14. Nh4 g6 15. Bxg6 fxg6 16. Nxg6 Rf7 17. Qxh5 Rh7 18. Qf3 Bf5 19. Nf4 Qg7 20. Bd2 Nd7 21. Ne6 Bxe6 22. Rxe6 Bc7 23. Rce1 Rf8 24. Bb4 Rf7 25. Re8+ Nf8 26.
Qf5 Qg5 27. Qe6 Rg7 28. Rxf8+ Kh7 29. g4 f5 30. Rxf7 fxg4 31. Rxg7+ Qxg7 32. Qxg4 Qf7 33. Re7 1-0